 Dungeon Crawl Stone Soup version 0.14.0-9-g9c5475a (webtiles) character file.

223 HungrySpirit the Cudgeler (level 4, 0/28 HPs)
             Began as a Gargoyle Fighter on Apr 14, 2014.
             Killed from afar by an orc wizard (11 damage)
             ... with a puff of flame
             ... on Level 3 of the Dungeon.
             The game lasted 00:03:30 (1572 turns).

HungrySpirit the Cudgeler (Gargoyle Fighter)        Turns: 1572, Time: 00:03:30

HP   0/28        AC 13     Str 21      XL: 4   Next: 77%
MP   4/4         EV  6     Int  8      God:
Gold 121         SH  0     Dex  9      Spells:  0 memorised,  3 levels left

rFire  . . .     SeeInvis .     a - +0 flail
rCold  . . .     Clarity  .     b - +0 scale mail
rNeg   + . .     Conserve .     c - +0 shield
rPois  +         rCorr    .     (no helmet)
rElec  +         rRot     +     i - +1 cloak
SustAb . .       Spirit   .     w - +0 pair of gloves
rMut   .         Warding  .     (no boots)
Gourm  +         Stasis   .     k - amulet of the gourmand
MR     .....                    (no ring)
                                (no ring)

@: confused, not resistant to hostile enchantments, extremely unstealthy
A: life protection 1, electricity resistance, unbreathing, petrification
resistance, AC +3
a: no special abilities


You were on level 3 of the Dungeon.
You were very full.

You visited 1 branch of the dungeon, and saw 3 of its levels.

You collected 121 gold pieces.

Inventory:

Hand weapons
 a - a +0,+0 flail (weapon)
Armour
 b - a +0 scale mail (worn)
 c - a +0 shield (worn)
 i - a +1 cloak (worn)
 w - a +0 pair of gloves (worn)
Comestibles
 d - 2 bread rations
 h - a pear
 r - 12 grapes
 t - a rotting chunk of kobold flesh
 v - a lychee
Scrolls
 f - 7 scrolls of identify {unknown}
 j - 5 scrolls of immolation {unknown}
 l - 2 scrolls of recharging {unknown}
 q - 2 scrolls of remove curse {unknown}
 s - a scroll of teleportation {unknown}
 x - a scroll of enchant weapon II {unknown}
Jewellery
 k - an amulet of the gourmand (around neck)
 o - a +3 ring of strength {unknown}
Potions
 e - 2 potions of might
 g - 2 potions of agility {unknown}
 m - a potion of invisibility {unknown}
 n - a potion of cure mutation {unknown}
 p - a potion of confusion {unknown}
 u - a potion of degeneration {unknown}


   Skills:
 - Level 3.2 Fighting
 + Level 5.2 Maces & Flails
 - Level 3.2 Armour
 - Level 3.2 Shields


You had 3 spell levels left.
You didn't know any spells.

Dungeon Overview and Level Annotations

Branches:
Dungeon (3/15)

Altars:


Innate Abilities, Weirdness & Mutations

You are resistant to torment.
You are immune to poison.
You are immune to rotting.
Your stone body is very resilient (AC +3).
You resist negative energy.
You are resistant to electric shocks.
You can survive without breathing.
You are immune to petrification.


Message History

The orc wizard hits you but does no damage.
You closely miss the orc wizard.
The orc wizard is lightly wounded.
The orc wizard casts a spell at you. The magic dart hits you!
Ouch!
The orc wizard gestures wildly while chanting.
The orc wizard flickers and vanishes!
Deactivating autopickup; reactivate with Ctrl-A.
You closely miss something. Something hits you but does no damage.
Ouch! Something hits you but does no damage.
Ouch! You hear some strange, mumbled words.
You are more confused.
You miss something. Something hits you but does no damage.
You completely miss something. Something hits you.
You barely miss something.
You hear some strange, mumbled words.
The puff of flame hits you!
You die...

#!# #>.
####'##
#.....#
#...).#
#.....#
####o## #)#
#@# #.# #.#
#.# #.# #.#
######
#.######....#
#.##........#
#.##........#


You could see an orc.

Vanquished Creatures
  3 adders (D:2)
  4 giant geckos
  An ooze (D:2)
  7 orcs (D:3)
  A giant cockroach (D:1)
  9 hobgoblins
  3 jackals (D:1)
  A quokka (D:2)
  8 bats
  6 giant newts
  3 goblins
  11 kobolds
  11 rats
68 creatures vanquished.

Notes
Turn   | Place    | Note
--------------------------------------------------------------
     0 | D:1      | HungrySpirit, the Gargoyle Fighter, began the quest for the Orb.
     0 | D:1      | Reached XP level 1. HP: 14/14 MP: 1/1
    56 | D:1      | Reached XP level 2. HP: 19/19 MP: 2/2
   493 | D:1      | Reached XP level 3. HP: 19/23 MP: 3/3
   685 | D:2      | Reached skill level 4 in Maces & Flails
  1027 | D:2      | Reached XP level 4. HP: 28/28 MP: 4/4
  1303 | D:2      | Reached skill level 5 in Maces & Flails
  1572 | D:3      | Killed from afar by an orc wizard

Action                   |  1- 3 |  4- 6 || total
-------------------------+-------+-------++-------
Melee: Flail             |   129 |   126 ||   255
